 Dungeon Crawl Stone Soup version 0.27.1-3-gb3d3a73c9e (webtiles) character file.

Game seed: 5369773352081029516

12492 MajorAdolf the Covert (level 11, -4/106 HPs)
             Began as a Naga Wanderer on Oct 20, 2021.
             Slain by an entropy weaver simulacrum (9 damage)
             ... in an ice cave on Oct 21, 2021.
             The game lasted 00:40:00 (27912 turns).

MajorAdolf the Covert (Naga Wanderer)              Turns: 27912, Time: 00:40:01

Health: -4/106     AC: 15    Str: 14    XL:     11   Next: 94%
Magic:  0/15       EV:  9    Int: 16    God:
Gold:   638        SH: 10    Dex: 11    Spells: 13/16 levels left

rFire    + . .     SeeInvis +   K - +7 dagger of Karma {protect, rF+}
rCold    + . .     Faith    .   d - +0 kite shield
rNeg     . . .     Spirit   +   l - +0 troll leather armour
rPois    +         Reflect  .   t - +2 hat
rElec    .         Harm     .   (no cloak)
rCorr    .         Rampage  .   b - +0 pair of gloves
Will     +....                  (no barding)
Stlth    +++++.....             u - amulet of guardian spirit
HPRegen  0.27/turn              x - ring of ice
MPRegen  0.14/turn              V - ring of protection from fire

@: under a protective aura, very slow
A: AC +3, large, see invisible, deformed body, poison resistance, slowness 2,
spit poison 1, naga tail 1
a: Spit Poison


You were in an ice cave.
You visited 3 branches of the dungeon, and saw 15 of its levels.
You also visited: Ice Cave.

You collected 638 gold pieces.

Inventory:

Hand Weapons
 a - a +0 club
 g - a +0 hunting sling
 m - a +0 dagger
 A - a +1 rapier of flaming
 E - a +2 hand axe of freezing
 I - a +5 flail of draining
 K - the +7 dagger of Karma (weapon) {protect, rF+}
   (You found it on level 5 of the Dungeon)

   It grants its wielder temporary protection when it strikes (+7 to AC).
   rF:        It protects you from fire.
 R - the +1 hand axe of the Twenty Seers {freeze, rElec rPois rF+++ Int-4}
   (You found it on level 9 of the Dungeon)

   It freezes those it strikes, dealing additional cold damage.
   It can also slow down cold-blooded creatures.
   Int:       It affects your intelligence (-4).
   rF:        It renders you almost immune to fire.
   rElec:     It insulates you from electricity.
   rPois:     It protects you from poison.
Missiles
 j - 172 stones
 D - a throwing net
Armour
 b - a +0 pair of gloves (worn)
 c - a +0 robe
 d - a +0 kite shield (worn)
 l - a +0 troll leather armour (worn)
 t - a +2 hat (worn)
 C - a +2 robe of fire resistance
Magical Staves
 G - a staff of cold
 W - a staff of death
Jewellery
 u - an amulet of guardian spirit (around neck)
 x - a ring of ice (left hand)
 P - a ring of fire
 Q - a ring of positive energy
 S - the amulet "Ipoov" {Acrobat Will+ Str+8 Dex-4 Stlth+}
   (You found it on level 8 of the Dungeon)

   [amulet of the acrobat]

   It increases your evasion while moving and waiting.
   Str:       It affects your strength (+8).
   Dex:       It affects your dexterity (-4).
   Will:      It increases your willpower.
   Stlth:     It makes you more stealthy.
 V - a ring of protection from fire (right hand)
Wands
 L - a wand of charming (6)
Scrolls
 e - 3 scrolls of amnesia
 f - 3 scrolls of teleportation
 i - a scroll of silence
 k - a scroll of fear
 p - 2 scrolls of fog
 v - a scroll of immolation
 y - a scroll of vulnerability
 B - 3 scrolls of magic mapping
 H - a scroll of holy word
 J - 2 scrolls of enchant armour {unknown}
 T - a scroll of acquirement {unknown}
 U - 3 scrolls of summoning {unknown}
Potions
 h - 4 potions of curing
 n - a potion of berserk rage {unknown}
 o - 2 potions of haste {unknown}
 q - 2 potions of degeneration {unknown}
 r - 3 potions of attraction {unknown}
 w - a potion of invisibility {unknown}
 z - a potion of ambrosia {unknown}
 M - a potion of cancellation {unknown}
 N - 2 potions of flight {unknown}
 O - 3 potions of magic {unknown}
 Y - a potion of brilliance {unknown}


   Skills:
 + Level 9.3 Fighting
 + Level 1.8 Staves
 - Level 1.5 Dodging
 + Level 13.7 Stealth
 + Level 7.7 Shields
 - Level 3.0 Spellcasting
 - Level 1.0 Summonings
 + Level 5.0 Necromancy
 - Level 1.0 Earth Magic
 + Level 8.2 Evocations


You had 13 spell levels left.
You knew the following spells:

 Your Spells              Type           Power      Damage    Failure   Level
a - Vampiric Draining     Necr           9%         2d7       11%         3

Your spell library contained the following spells:

 Spells                   Type           Power      Damage    Failure   Level
 Animate Skeleton         Necr           36%        N/A       3%          1
 Beastly Appendage        Tmut           4%         N/A       30%         1
 Animate Dead             Necr           9%         N/A       36%         4
 Ensorcelled Hibernation  Hex/Ice        6%         N/A       41%         2
 Static Discharge         Conj/Air       2%         N/A       41%         2
 Wereblood                Tmut           2%         N/A       41%         2
 Spider Form              Tmut/Pois      1%         N/A       65%         3
 Lightning Bolt           Conj/Air       1%         1d12      100%        5
 Shadow Creatures         Summ           N/A        N/A       100%        6
 Haunt                    Necr/Summ      6%         N/A       100%        7
 Infestation              Necr           9%         N/A       100%        8
 Maxwell's Capacitive Co  Air            1%         ∞         100%        8


Dungeon Overview and Level Annotations

Branches:
Dungeon (12/15)            Temple (1/1) D:5             Orc (2/2) D:9
  IceCv (1/1)
   Lair: D:8-11         Elf: Orc:2

Altars:
Ashenzari
Cheibriados
Dithmenos
Fedhas
Gozag
Hepliaklqana
Kikubaaqudgha
Makhleb
Okawaru
Qazlal
Ru
Sif Muna
Trog
Uskayaw
Vehumet
Wu Jian
Xom
Yredelemnul
Zin
The Shining One

Shops:
D:6 !   D:8 ?   D:10 (

Annotations:
D:3 2 runed translucent doors
D:8 exclusion: downstairs
D:11 exclusion: death knight
Orc:1 exclusion: downstairs
Orc:2 Donald


Innate Abilities, Weirdness & Mutations

Your serpentine skin is tough. (AC +3)
You have supernaturally acute eyesight. (SInv)
Armour fits poorly on your strangely shaped body.
Your system is resistant to poisons. (rPois)
You cover ground very slowly.
You can spit poison.
You have a snake-like lower body.


Message History

Found six items.
Found an ice covered gate leading back out of this place.
There is an ice choked empty arch of ancient stone here.
Unknown command.
There is an ice covered gate leading back out of this place here.
You hit the entropy weaver simulacrum but do no damage.
Your weapon exudes an aura of protection.
The entropy weaver simulacrum hits you.
The entropy weaver simulacrum freezes you!
You resist.
The entropy weaver simulacrum barely misses you.
The entropy weaver simulacrum hits you.
The entropy weaver simulacrum freezes you!
You resist.
The entropy weaver simulacrum closely misses you.
You puncture the entropy weaver simulacrum!
The entropy weaver simulacrum is moderately damaged.
The entropy weaver simulacrum hits you but does no damage.
You block the entropy weaver simulacrum's attack. x2
The entropy weaver simulacrum hits you but does no damage.
You puncture the entropy weaver simulacrum!
The entropy weaver simulacrum is heavily damaged.
The entropy weaver simulacrum hits you but does no damage.
The entropy weaver simulacrum hits you.
The entropy weaver simulacrum freezes you!
You resist.
* * * LOW HITPOINT WARNING * * *
The entropy weaver simulacrum barely misses you.
The entropy weaver simulacrum hits you but does no damage.
The elephant simulacrum tramples you.
* * * LOW HITPOINT WARNING * * *
The elephant simulacrum freezes you! You resist.
* * * LOW HITPOINT WARNING * * *
You block the elephant simulacrum's attack.
The entropy weaver simulacrum closely misses you. x2
The entropy weaver simulacrum hits you.
* * * LOW HITPOINT WARNING * * *
The entropy weaver simulacrum freezes you!
You resist.
You die...

#......[......#
#..Z.8.u.8....#
#.............#
#...........#
#...........#
#.....∩.....#
##.........##
##...∩ZZ.##
##...Z@##
#######


You could see a white ugly thing (asleep), 2 elephant simulacra, a cane toad
simulacrum (dormant) and an entropy weaver simulacrum.

Vanquished Creatures
  Erolcha (D:9)
  2 two-headed ogres
  A death drake (Orc:1)
  A gargoyle (D:12)
  2 rime drakes (D:12)
  6 trolls
  A hornet (D:7)
  Sigmund (D:5)
  2 vampires
  Eustachio (D:3)
  10 yaks
  Edmund (D:5)
  3 steam dragons
  Menkaure (D:4)
  A warg (Orc:1)
  2 water moccasins
  7 orc warriors
  A sky beast (D:6)
  6 ogres
  2 necrophages
  6 centaurs
  2 phantoms
  3 bullfrogs
  3 gnoll sergeants
  A scorpion (D:6)
  A water moccasin zombie (D:5)
  A water moccasin skeleton (D:5)
  11 killer bees
  5 howler monkeys
  A bullfrog zombie (D:6)
  3 centaur zombies
  A hound (D:5)
  7 orc priests
  A jelly (D:8)
  3 bullfrog skeletons
  A centaur skeleton (D:7)
  An iguana (D:4)
  7 orc wizards
  A killer bee zombie (D:7)
  A hound skeleton (D:2)
  2 howler monkey zombies
  13 gnolls
  7 adders
  2 shadow imps (D:7)
  A white imp (D:6)
  An ufetubus (D:6)
  An adder skeleton (D:4)
  2 worms
  5 dart slugs
  36 orcs
  2 ball pythons
  A bat zombie (D:1)
  6 endoplasms
  3 giant cockroaches
  4 hobgoblins
  4 jackals (D:1)
  3 kobolds
  5 quokkas
  3 training dummies (D:10)
  5 bats
  2 frilled lizards
  A quokka zombie (D:1)
  3 rats
224 creatures vanquished.

Vanquished Creatures (collateral kills)
  An adder (D:2)
  A quokka (D:2)
  A frilled lizard (D:2)
3 creatures vanquished.

Vanquished Creatures (others)
  60 fungi (D:11)
  38 plants (D:11)
98 creatures vanquished.

Grand Total: 325 creatures vanquished

Notes
Turn   | Place    | Note
-------+----------+-------------------------------------------
     0 | D:1      | MajorAdolf the Naga Wanderer began the quest for the Orb.
     0 | D:1      | MajorAdolf set off with the following items: a +0 club, a
                  | potion of lignification, a +0 robe, a +0 kite shield; and
                  | the following spell memorised: Animate Skeleton; and the
                  | following spells available to memorise: Vampiric Draining
     0 | D:1      | Reached XP level 1. HP: 18/18 MP: 4/4
   562 | D:1      | Reached skill level 2 in Stealth
   582 | D:1      | Reached XP level 2. HP: 3/25 MP: 6/6
  1879 | D:2      | Reached skill level 3 in Stealth
  1879 | D:2      | Reached XP level 3. HP: 32/32 MP: 7/7
  2734 | D:2      | Reached XP level 4. HP: 20/39 MP: 8/8
  3180 | D:2      | Reached skill level 4 in Stealth
  4200 | D:3      | Found a faded altar of an unknown god.
  4714 | D:3      | Reached XP level 5. HP: 43/46 MP: 9/9
  5004 | D:3      | Found a large runed translucent door.
  5010 | D:3      | Found a large runed translucent door.
  5258 | D:4      | Noticed a phantom
  5411 | D:3      | Reached skill level 5 in Stealth
  5552 | D:4      | Noticed Eustachio
  6794 | D:3      | Killed Eustachio
  6795 | D:3      | Reached XP level 6. HP: 37/57 MP: 6/10
  7192 | D:3      | Reached skill level 6 in Stealth
  7600 | D:4      | Noticed Menkaure
  7617 | D:4      | Found a glowing silver altar of Zin.
  7650 | D:4      | Noticed a necrophage
  7665 | D:4      | Killed a necrophage
  7666 | D:4      | Reached XP level 7. HP: 57/64 MP: 11/11
  7872 | D:5      | Entered Level 5 of the Dungeon
  7909 | D:4      | Killed Menkaure
  7910 | D:4      | Reached skill level 7 in Stealth
  7910 | D:4      | Reached skill level 1 in Evocations
  8048 | D:5      | Found a staircase to the Ecumenical Temple.
  8064 | Temple   | Entered the Ecumenical Temple
  8585 | D:5      | Noticed Sigmund
  8597 | D:5      | Killed Sigmund
  8598 | D:5      | Reached XP level 8. HP: 62/73 MP: 9/12
  8694 | D:5      | Noticed Edmund
  8717 | D:5      | Killed Edmund
  8718 | D:5      | Reached skill level 5 in Fighting
  8718 | D:5      | Reached skill level 8 in Stealth
  9222 | D:5      | Identified the +7 dagger of Karma {protect, rF+}
  9802 | D:6      | Found Ungexobe's Distillery.
  9810 | D:6      | Reached skill level 9 in Stealth
 10330 | D:6      | Reached XP level 9. HP: 82/82 MP: 13/13
 10567 | D:7      | Reached skill level 5 in Shields
 11113 | D:7      | You fall into a shaft and drop 2 floors!
 11187 | D:9      | Identified the +1 hand axe of the Twenty Seers {freeze,
                  | rElec rPois rF+++ Int-4}
 11192 | D:9      | Found a staircase to the Orcish Mines.
 11331 | D:9      | Reached skill level 10 in Stealth
 11505 | D:9      | Reached skill level 5 in Evocations
 11935 | D:8      | Found Ykliy's Magic Scroll Boutique.
 12014 | D:9      | Reached skill level 11 in Stealth
 12558 | D:9      | Reached XP level 10. HP: 67/94 MP: 9/14
 13429 | D:8      | Identified the amulet "Ipoov" {Acrobat Will+ Str+8 Dex-4
                  | Stlth+}
 15063 | D:7      | Found a shimmering altar of Xom.
 15225 | D:7      | Found a radiant altar of Vehumet.
 16034 | D:8      | Reached skill level 1 in Necromancy
 17091 | D:9      | Noticed Erolcha
 17221 | D:9      | Reached skill level 12 in Stealth
 17359 | D:9      | Killed Erolcha
 18498 | D:10     | Entered Level 10 of the Dungeon
 19274 | D:10     | Found a burning altar of Makhleb.
 19501 | D:10     | Learned a level 3 spell: Vampiric Draining
 19516 | D:10     | Found Ekkofrex's Firing Range.
 19802 | D:9      | Reached XP level 11. HP: 101/104 MP: 15/15
 20691 | D:11     | Noticed a two-headed ogre
 20706 | D:11     | Killed a two-headed ogre
 21374 | Orc:1    | Entered Level 1 of the Orcish Mines
 21892 | D:9      | Reached skill level 13 in Stealth
 22066 | Orc:1    | Noticed an orc sorcerer
 22069 | Orc:1    | Noticed a death drake
 22069 | Orc:1    | an orc sorcerer changed into a death drake
 22075 | Orc:1    | Killed a death drake
 23101 | D:11     | Noticed a two-headed ogre
 23121 | D:10     | Killed a two-headed ogre
 23981 | D:11     | Noticed a death knight
 24539 | Orc:1    | Noticed an orc sorcerer
 25276 | Orc:2    | Entered Level 2 of the Orcish Mines
 25592 | Orc:2    | Noticed Donald
 25890 | D:10     | Reached skill level 1 in Staves
 26105 | D:11     | Noticed a manticore
 26396 | D:11     | HP: 5/106 [manticore (2)]
 27548 | D:12     | Found a shimmering altar of Xom.
 27743 | D:12     | Found a frozen archway.
 27882 | D:12     | Reached skill level 5 in Necromancy
 27902 | IceCv    | Entered an ice cave
 27902 | IceCv    | Noticed a white ugly thing
 27912 | IceCv    | HP: 5/106 [entropy weaver simulacrum (3)]
 27912 | IceCv    | Slain by an entropy weaver simulacrum

Illustrated notes

Levels and vault maps discovered:
D:1:      saegor_arrival_fortress, layout_basic, minmay_fountain_box,
          hex_intersection
D:2:      layout_basic, minmay_misc_feat_doors, grunt_ministairs_2
D:3:      layout_loops_ring, jmf_multi_god_temple2,
          hellmonk_ecumenical_altar_heavens_door
D:4:      layout_rooms, zin_academy, serial_shops, shop_statue,
          chequers_mini_garden, uniq_menkaure, uniq_eustachio
D:5:      layout_loops_ring, minmay_temple_entry_statues_pillars,
          nrook_campfire, kennysheep_generic_room_6, uniq_sigmund, uniq_edmund
D:6:      layout_loops_ring, serial_shops, kennysheep_little_box
D:7:      layout_loops_ring, mainiacjoe_overflow_alcove_1, old_standard_altar
D:8:      layout_cave_pools, serial_shops, nicolae_take_the_stairs
D:9:      layout_layer_cave, orc_0_dummy, minmay_holes, uniq_erolcha
D:10:     layout_long_grid, lemuel_tele_altar, nicolae_shop_firing_range
D:11:     cheibrodos_tormentor_scu, layout_loops_ring,
          due_lair_maze_entry_diamond
D:12:     layout_stronghold, portal_ice_cave_rime, xom_redecorated, uniq_sonja
Temple:   lightli_temple_of_artemis
Orc:1:    layout_caves
Orc:2:    grunt_orc_cross, layout_caves, basic_altar, serial_shops, shop_coins,
          uniq_azrael, uniq_donald
IceCv:    ice_cave_statue_garden_transporter

Skill      XL: |  1  2  3  4  5  6  7  8  9 10 11 |
---------------+----------------------------------+-----
Stealth        | 2 3 4 5 6 7 9 11 12 13 | 13.7
Fighting       | 2 3 4 6 7 8 9 |  9.3
Shields        | 2 3 4 6 7 |  7.7
Evocations     | 2 3 5 7 8 |  8.2
Necromancy     | 2 5 |  5.0
Staves         | 1 |  1.8
Dodging        | |  1.5
Spellcasting   | |  3.0
Summonings     | |  1.0
Earth Magic    | |  1.0

Action                   |  1- 3 |  4- 6 |  7- 9 | 10-12 || total
-------------------------+-------+-------+-------+-------++-------
Melee: Club              |    63 |       |       |       ||    63
       Dagger            |    23 |   101 |   247 |   632 ||  1003
       Rapier            |       |    34 |    46 |       ||    80
       Flail             |       |       |    16 |       ||    16
       Staff             |       |       |       |    73 ||    73
 Fire: Hunting sling     |     1 |       |       |       ||     1
 Cast: Animate Skeleton  |     3 |       |       |       ||     3
       Vampiric Draining |       |       |       |    30 ||    30
 Abil: Spit Poison       |    33 |    30 |    33 |    87 ||   183
Evoke: Wand              |       |       |     2 |    17 ||    19
  Use: Potion            |     2 |       |       |     3 ||     5
       Scroll            |       |       |     4 |    11 ||    15
 Stab: Sleeping          |       |     4 |     6 |     2 ||    12
       Paralysed         |       |       |       |     5 ||     5
Armor: Skin              |    21 |     1 |       |     9 ||    31
       Robe              |    12 |    30 |   168 |   376 ||   586
       Troll leather arm |       |       |       |    13 ||    13
Dodge: Dodged            |    35 |    48 |    97 |   344 ||   524
Block: Kite shield       |    59 |    73 |   171 |   506 ||   809
